 Dungeon Crawl Stone Soup version 0.31-a0-1589-g8f5e8aebd6 (webtiles) character file.

Game seed: 15506240476486701237

866 MisterAzrael the Ruffian (level 8, -10/60 HPs)
             Began as a Gnoll Shapeshifter on Jan 5, 2024.
             Was a Believer of Dithmenos.
             Mangled by a mummy (13 damage)
             ... in an ossuary.
             The game lasted 00:05:17 (4122 turns).

MisterAzrael the Ruffian (Gnoll Shapeshifter)       Turns: 4122, Time: 00:05:17

Health: -10/60     AC:  0    Str: 17    XL:     8   Next: 3%
Magic:  12/12      EV: 19    Int:  9    God:    Dithmenos [**....]
Gold:   251        SH:  0    Dex: 17    Spells: 12/13 levels left

rFire   . .          .
                       - Unarmed
rCold   . . .        (shield currently unavailable)
rNeg    . . .        a - melded +0 animal skin
rPois   .            (no helmet)
rElec   .            (no cloak)
rCorr   .            (no gloves)
SInv    .            (no boots)
Will    .....        (no amulet)
Stlth   +            n - +6 ring of dexterity
HPRegen 0.30/turn    (no ring)
MPRegen 0.13/turn

%: no passive effects
@: flux-form, glowing
A: glow, contaminating, fangs 1, strong nose, distributed training
a: Begin Untransformation, Renounce Religion, Shadow Step


You were in an ossuary.
You worshipped Dithmenos.
Dithmenos was pleased with you.
You were something dangerously unstable.
You visited 1 branch of the dungeon, and saw 5 of its levels.
You also visited: Ossuary.

You collected 251 gold pieces.

Inventory:

Armour
 a - a +0 animal skin (melded)
Magical Staves
 t - a staff of death
Jewellery
 b - a +6 ring of intelligence
 n - a +6 ring of dexterity (left hand)
Talismans
 c - a beast talisman
 d - a flux talisman (active)
Wands
 o - a wand of quicksilver (8)
Scrolls
 g - 2 scrolls of teleportation {unknown}
 h - a scroll of fog {unknown}
 j - a scroll of vulnerability {unknown}
 k - 4 scrolls of identify {unknown}
 p - 3 scrolls of summoning {unknown}
 q - 2 scrolls of blinking {unknown}
 r - a scroll of fear {unknown}
 u - a scroll of enchant weapon {unknown}
 v - a scroll of immolation {unknown}
Potions
 e - a potion of resistance {unknown}
 f - a potion of haste
 i - a potion of invisibility {unknown}
 m - 2 potions of enlightenment {unknown}
 s - a potion of ambrosia {unknown}
 w - a potion of heal wounds {unknown}
 x - a potion of brilliance {unknown}


   Skills:
 + Level 4.0 Fighting
 + Level 3.0 Short Blades
 + Level 3.0 Long Blades
 + Level 3.0 Axes
 + Level 3.0 Maces & Flails
 + Level 3.0 Polearms
 + Level 3.0 Staves
 + Level 3.0 Ranged Weapons
 + Level 3.0 Throwing
 + Level 3.0 Armour
 + Level 5.5 Dodging
 + Level 3.0 Stealth
 + Level 3.0 Shields
 + Level 7.2 Unarmed Combat
 + Level 3.0 Spellcasting
 + Level 2.4 Conjurations
 + Level 2.4 Hexes
 + Level 2.4 Summonings
 + Level 2.4 Necromancy
 + Level 2.4 Translocations
 + Level 2.4 Fire Magic
 + Level 2.4 Ice Magic
 + Level 2.4 Air Magic
 + Level 2.4 Earth Magic
 + Level 2.4 Alchemy
 + Level 3.3 Invocations
 + Level 3.0 Evocations
 + Level 7.1 Shapeshifting


You had 12 spell levels left.
You knew the following spells:

 Your Spells              Type           Power      Damage    Failure   Level
a - Shock                 Conj/Air       20%        1d4       11%         1

Your spell library contained the following spells:

 Spells                   Type           Power      Damage    Failure   Level
 Swiftness                Air            5%         N/A       32%         3
 Airstrike                Air            2%         2d(1-17)  73%         4


Dungeon Overview and Level Annotations

Branches:
Dungeon (6/15)             Temple (0/1) D:4         Ossuary (1/1)

Altars:
Dithmenos
Okawaru
Wu Jian
Xom

Shops:
D:4 *   D:5 [

Annotations:
D:4 1 runed translucent door, Crazy Yiuf


Innate Abilities, Weirdness & Mutations

You are something dangerously unstable.
You glow with magical radiation, making you easy to see and hit.
Foes you strike become dangerously contaminated with magical radiation.
You are incapable of wielding weapons or throwing items.
You have very sharp teeth.
Your uncanny sense of smell can sniff out nearby items.
Your experience applies equally to all skills.


Message History

The mummy completely misses you.
You hit the mummy.
The mummy shudders as magic cascades through it!!
You destroy the mummy!
Dithmenos accepts your kill. The mummy hits you!
* * * LOW HITPOINT WARNING * * *
The kobold zombie misses you. The mummy attacks as it pursues you!
The mummy misses you.
There is a gate leading back out of this place here.
Okay, then.
You feel better.
The kobold zombie completely misses you.
The orc zombie completely misses you.
You punch the orc zombie!
The orc zombie begins to glow.
The orc zombie is severely damaged.
The kobold zombie misses you.
You hit the orc zombie.
You destroy the orc zombie!
Dithmenos accepts your kill.
You hit the orc zombie.
The orc zombie begins to glow.
You bite the orc zombie.
The orc zombie is moderately damaged.
The kobold zombie barely misses you. The mummy hits you. The mummy misses you.
You hit the orc zombie but do no damage.
The orc zombie glows dangerously bright.
You bite the orc zombie, but do no damage.
The orc zombie is moderately damaged.
The orc zombie hits you. The kobold zombie misses you.
You hit the orc zombie.
The orc zombie shudders as magic cascades through it!!
You destroy the orc zombie!
Dithmenos accepts your kill. The mummy closely misses you.
The mummy misses you. The kobold zombie misses you.
You hit the mummy.
The mummy begins to glow.
The mummy is lightly damaged.
The mummy hits you!!
* * * LOW HITPOINT WARNING * * *
The mummy hits you!
You die...

#....#
#....#
∆
#....#
#....#
#....#
∆ ∆∆
#....#
∆ ∆
#....#
∆∆ ∆∆
#M.Z.#
∆∆ ∆∆
#Mp∩.#
∆∆
######


You could see 2 mummies and a kobold zombie.

Vanquished Creatures
  A steam dragon (D:4)
  A water moccasin (D:5)
  An ice beast (D:5)
  An ogre (D:5)
  2 phantoms
  Blork the orc (D:5)
  A bombardier beetle (D:4)
  A hound (D:4)
  An orc priest (D:4)
  An orc wizard (D:4)
  2 mummies (Ossuary)
  An adder (D:4)
  A shadow imp (D:5)
  2 dart slugs (D:4)
  A ribbon worm (D:2)
  13 orcs
  2 ball pythons (D:2)
  3 bats (D:2)
  3 endoplasms
  3 giant cockroaches
  A gnoll zombie (Ossuary)
  4 goblins
  6 jackals
  2 quokkas
  2 frilled lizards (D:2)
  3 hobgoblin zombies (Ossuary)
  3 orc zombies (Ossuary)
  5 rats
  A spectral hobgoblin (D:2)
69 creatures vanquished.

Notes
Turn   | Place    | Note
-------+----------+-------------------------------------------
     0 | D:1      | MisterAzrael the Gnoll Shapeshifter began the quest for the
                  | Orb.
     0 | D:1      | Reached XP level 1. HP: 17/17 MP: 1/1
   412 | D:2      | Reached XP level 2. HP: 23/23 MP: 2/2
   424 | D:2      | HP: 1/23 [frozen (5)]
   688 | D:2      | Found a faded altar of an unknown god.
   697 | D:2      | Prayed at the altar of an unknown god.
   697 | D:2      | Became a worshipper of Dithmenos the Shadowed
   697 | D:2      | Reached * piety under Dithmenos
   821 | D:2      | Found an ornate altar of the Wu Jian Council.
   858 | D:2      | Reached XP level 3. HP: 25/28 MP: 3/3
  1056 | D:2      | You fall into a shaft and drop 2 floors!
  1059 | D:4      | Found Ecomal's Assorted Antiques.
  1076 | D:4      | Found a runed translucent door.
  1077 | D:4      | Noticed Crazy Yiuf
  1108 | D:4      | Reached skill level 1 in Invocations
  1224 | D:4      | Reached skill level 1 in Short Blades
  1224 | D:4      | Reached skill level 1 in Long Blades
  1224 | D:4      | Reached skill level 1 in Axes
  1224 | D:4      | Reached skill level 1 in Maces & Flails
  1224 | D:4      | Reached skill level 1 in Polearms
  1224 | D:4      | Reached skill level 1 in Staves
  1224 | D:4      | Reached skill level 1 in Ranged Weapons
  1224 | D:4      | Reached skill level 1 in Throwing
  1224 | D:4      | Reached skill level 1 in Armour
  1224 | D:4      | Reached skill level 1 in Stealth
  1224 | D:4      | Reached skill level 1 in Shields
  1224 | D:4      | Reached skill level 1 in Spellcasting
  1224 | D:4      | Reached skill level 1 in Evocations
  1224 | D:4      | Reached XP level 4. HP: 26/34 MP: 5/5
  1303 | D:4      | Noticed a phantom
  1311 | D:4      | Killed a phantom
  1312 | D:4      | Reached skill level 1 in Conjurations
  1312 | D:4      | Reached skill level 1 in Hexes
  1312 | D:4      | Reached skill level 1 in Summonings
  1312 | D:4      | Reached skill level 1 in Necromancy
  1312 | D:4      | Reached skill level 1 in Translocations
  1312 | D:4      | Reached skill level 1 in Fire Magic
  1312 | D:4      | Reached skill level 1 in Ice Magic
  1312 | D:4      | Reached skill level 1 in Air Magic
  1312 | D:4      | Reached skill level 1 in Earth Magic
  1312 | D:4      | Reached skill level 1 in Alchemy
  1312 | D:4      | Reached XP level 5. HP: 41/41 MP: 5/7
  1518 | D:4      | Found an iron altar of Okawaru.
  1518 | D:4      | Found a shimmering altar of Xom.
  1746 | D:4      | Found a staircase to the Ecumenical Temple.
  1915 | D:4      | Reached ** piety under Dithmenos
  2087 | D:4      | Reached XP level 6. HP: 46/47 MP: 8/8
  2091 | D:4      | Learned a level 1 spell: Shock
  2378 | D:5      | Entered Level 5 of the Dungeon
  2430 | D:5      | Reached skill level 5 in Dodging
  2506 | D:5      | Noticed a water moccasin
  2520 | D:5      | Killed a water moccasin
  2612 | D:5      | Noticed an ice beast
  2618 | D:5      | Reached XP level 7. HP: 34/52 MP: 10/10
  3339 | D:5      | Noticed Blork the orc
  3340 | D:5      | Noticed a steam dragon
  3449 | D:4      | Killed a steam dragon
  3503 | D:5      | Killed Blork the orc
  3990 | D:5      | Found Ejaepp's Antique Armour Shop.
  4069 | D:6      | Found a sand-covered staircase.
  4079 | Ossuary  | Entered an ossuary
  4098 | Ossuary  | Reached XP level 8. HP: 52/60 MP: 12/12
  4122 | Ossuary  | HP: 3/60 [mummy (20)]
  4122 | Ossuary  | Mangled by a mummy

Illustrated notes

Levels and vault maps discovered:
D:1:      scummos_arrival_forest, layout_rooms
D:2:      layout_loops_ring, basic_altar,
          dreamdust_ecumenical_altar_drowned_temple
D:4:      layout_loops_corners, gammafunk_temple_overflow_elements,
          minmay_temple_entry_junction, serial_shops, nicolae_shop_statue_plus,
          gup_sewer_entry_glass, uniq_crazy_yiuf_cottage
D:5:      layout_gridville, serial_shops, shop, uniq_blork_the_orc
D:6:      layout_loops_corners, nicolae_ossuary_entry_ruins
Ossuary:  ossuary_tomb_3

Skill      XL: |  1  2  3  4  5  6  7 |
---------------+----------------------+-----
Invocations    | 1 2 3 |  3.3
Short Blades   | 1 2 3 |  3.0
Long Blades    | 1 2 3 |  3.0
Axes           | 1 2 3 |  3.0
Maces & Flails | 1 2 3 |  3.0
Polearms       | 1 2 3 |  3.0
Staves         | 1 2 3 |  3.0
Ranged Weapons | 1 2 3 |  3.0
Throwing       | 1 2 3 |  3.0
Armour         | 1 2 3 |  3.0
Stealth        | 1 2 3 |  3.0
Shields        | 1 2 3 |  3.0
Spellcasting   | 1 2 3 |  3.0
Evocations     | 1 2 3 |  3.0
Fighting       | 3 4 |  4.0
Conjurations   | 1 2 |  2.4
Hexes          | 1 2 |  2.4
Summonings     | 1 2 |  2.4
Necromancy     | 1 2 |  2.4
Translocations | 1 2 |  2.4
Fire Magic     | 1 2 |  2.4
Ice Magic      | 1 2 |  2.4
Air Magic      | 1 2 |  2.4
Earth Magic    | 1 2 |  2.4
Alchemy        | 1 2 |  2.4
Dodging        | 5 |  5.5
Unarmed Combat | 7 |  7.2
Shapeshifting  | 7 |  7.1

Action                     |  1- 3 |  4- 6 |  7- 9 || total
---------------------------+-------+-------+-------++-------
  Melee: Unarmed           |    68 |    62 |    92 ||   222
         Bite              |     3 |     9 |    14 ||    26
         Punch             |     2 |     3 |       ||     5
    Use: Potion            |       |     1 |     6 ||     7
   Stab: Sleeping          |     3 |       |     1 ||     4
         Distracted        |       |     1 |       ||     1
 Armour: Animal skin       |    29 |    20 |       ||    49
         Skin              |       |    11 |    40 ||    51
  Dodge: Dodged            |    66 |    24 |    86 ||   176
   Form: Flux              |       |     1 |       ||     1

Table legend: (Time is in decaauts)
 A = Elapsed time spent in this place.
 B = Non-inter-level travel time spent in this place.
 C = Inter-level travel time spent in this place.
 D = Time resting spent in this place.
 E = Time spent auto-exploring this place.
 F = Levels seen in this place.
 G = Mean time per level.
                   A        B        C        D        E       F      G
               +--------+--------+--------+--------+--------+-----+--------+
         Total |   4084 |   4062 |     22 |   1166 |   2303 |   6 |  680.7 |
       Dungeon |   4044 |   4022 |     22 |   1166 |   2303 |   5 |  808.8 |
       Ossuary |     39 |     39 |      0 |      0 |      0 |   1 |   39.0 |
               +--------+--------+--------+--------+--------+-----+--------+

Top non-repeatable levels by time:
     D:5: 1538 daAuts
     D:4: 1422 daAuts
     D:2: 647 daAuts
     D:1: 406 daAuts
 Ossuary: 39 daAuts
     D:6: 29 daAuts
